 Dungeon Crawl Stone Soup version 0.28-a0-863-g8cecda6153 (webtiles) character file.

Game seed: 3321136752872027816

11664 Ijustatesigmund the Blocker (level 11, -16/89 HPs)
             Began as a Gnoll Fighter on Nov 20, 2021.
             Was a Priest of Cheibriados.
             Demolished by a spark wasp (25 damage)
             ... on level 8 of the Dungeon.
             The game lasted 00:22:20 (10753 turns).

Ijustatesigmund the Blocker (Gnoll Fighter)        Turns: 10753, Time: 00:22:21

Health: -16/89     AC:  9    Str: 32    XL:     11   Next: 81%
Magic:  0/21       EV: 18    Int: 19    God:    Cheibriados [***...]
Gold:   598        SH:  8    Dex: 26    Spells: 23/23 levels left

rFire   + . .      SeeInvis .   a - +1 war axe (elec)
rCold   + . .      Faith    .   c - +0 buckler
rNeg    . . .      Spirit   +   x - +0 troll leather armour
rPois   .          Reflect  .   i - +0 helmet
rElec   .          Harm     .   v - scarf {rC+ rF+}
rCorr   .          Rampage  .   F - +1 pair of gloves {Str+3}
Will    .....                   (no boots)
Stlth   ++++......              p - amulet of guardian spirit
HPRegen 1.24/turn               l - +6 ring of strength
MPRegen 0.17/turn               m - +6 ring of dexterity

@: mighty, very slow
A: fangs 1, strong nose, distributed training
a: Renounce Religion, Bend Time, Temporal Distortion


You were on level 8 of the Dungeon.
You worshipped Cheibriados.
Cheibriados was most pleased with you.
You visited 2 branches of the dungeon, and saw 10 of its levels.

You collected 598 gold pieces.

Inventory:

Hand Weapons
 a - a +1 war axe of electrocution (weapon)
 g - a +0 flail of protection
 s - a +0 broad axe
Missiles
 h - 50 poisoned darts (quivered)
 r - a throwing net
Armour
 b - a +1 scale mail of fire resistance
 c - a +0 buckler (worn)
 d - +0 acid dragon scales
 i - a +0 helmet (worn)
 j - the +18 shield of the Gong {rElec rN+ Will+ EV-5}
   (You found it on level 8 of the Dungeon)

   It is deafeningly noisy when blocking attacks.
   EV:        It affects your evasion (-5).
   rElec:     It insulates you from electricity.
   rN:        It protects you from negative energy.
   Will:      It increases your willpower.
 v - a scarf of resistance (worn)
 x - a +0 troll leather armour (worn)
 F - a +1 pair of gloves of strength (worn)
Jewellery
 e - a ring of flight
 l - a +6 ring of strength (left hand)
 m - a +6 ring of dexterity (right hand)
 n - a ring of fire
 o - a ring of protection from cold
 p - an amulet of guardian spirit (around neck)
Wands
 k - a wand of flame (33)
 u - a wand of digging (6)
 y - a wand of polymorph (7)
Scrolls
 q - a scroll of enchant weapon
 t - a scroll of fog
 w - 2 scrolls of amnesia
 z - a scroll of teleportation
 E - a scroll of torment
Potions
 f - 2 potions of curing
 B - a potion of brilliance
 D - a potion of magic


   Skills:
 + Level 9.4 Fighting
 + Level 6.6 Short Blades
 + Level 6.6 Long Blades
 + Level 8.1 Axes
 + Level 6.6 Maces & Flails
 + Level 6.6 Polearms
 + Level 6.6 Staves
 + Level 6.6 Slings
 + Level 6.6 Bows
 + Level 6.6 Crossbows
 + Level 6.6 Throwing
 + Level 9.4 Armour
 + Level 6.6 Dodging
 + Level 6.6 Stealth
 + Level 9.4 Shields
 + Level 6.6 Unarmed Combat
 + Level 6.6 Spellcasting
 + Level 5.5 Conjurations
 + Level 5.5 Hexes
 + Level 5.5 Summonings
 + Level 5.5 Necromancy
 + Level 5.5 Translocations
 + Level 5.5 Transmutations
 + Level 5.5 Fire Magic
 + Level 5.5 Ice Magic
 + Level 5.5 Air Magic
 + Level 5.5 Earth Magic
 + Level 5.5 Poison Magic
 + Level 7.3 Invocations
 + Level 6.6 Evocations


You had 23 spell levels left.
You didn't know any spells.
Your spell library contained the following spells:

 Spells                   Type           Power      Damage    Failure   Level
 Pain                     Necr           100%       1d9       1%          1
 Ensorcelled Hibernation  Hex/Ice        54%        N/A       1%          2
 Spider Form              Tmut/Pois      27%        N/A       3%          3
 Summon Guardian Golem    Hex/Summ       27%        N/A       3%          3
 Animate Dead             Necr           13%        N/A       12%         4
 Dispel Undead            Necr           27%        3d13      12%         4
 Conjure Ball Lightning   Conj/Air       13%        3x3d6     87%         6
 Orb of Destruction       Conj           13%        9d6       100%        7
 Spellforged Servitor     Conj/Summ      13%        N/A       100%        7
 Discord                  Hex            13%        N/A       100%        8
 Disjunction              Tloc           13%        N/A       100%        8


Dungeon Overview and Level Annotations

Branches:
Dungeon (9/15)             Temple (1/1) D:6            Lair (0/6) D:9
    Orc (0/2) D:9

Altars:
Ashenzari
Cheibriados
Dithmenos
Elyvilon
Gozag
Hepliaklqana
Kikubaaqudgha
Makhleb
Nemelex Xobeh
Okawaru
Qazlal
Sif Muna
Trog
Uskayaw
Vehumet
Wu Jian
Xom
Yredelemnul
Zin
The Shining One
Beogh
Lugonu

Annotations:
D:5 2 transporters, paps's ghost, weakling OpDe


Innate Abilities, Weirdness & Mutations

You have very sharp teeth.
Your uncanny sense of smell can sniff out nearby items.
Your experience applies equally to all skills.


Message History

You hit the spark wasp.
The spark wasp is lightly wounded.
The spark wasp closely misses you. The spark wasp stings you.
The spark wasp shocks you!
You slash the spark wasp!
The spark wasp is moderately wounded.
The spark wasp closely misses you.
You slice the spark wasp!!
The spark wasp is heavily wounded.
The spark wasp stings you but does no damage. x2
You hit the spark wasp.
You bite the spark wasp, but do no damage.
The spark wasp is heavily wounded.
The spark wasp stings you! The spark wasp shocks you!
You block the spark wasp's attack.
You slash the spark wasp!
The spark wasp is severely wounded.
The spark wasp stings you! The spark wasp shocks you!
* * * LOW HITPOINT WARNING * * *
You hit the spark wasp.
The spark wasp is severely wounded.
You block the spark wasp's attack. The spark wasp completely misses you.
Okay, then.
Okay, then.
Okay, then.
You feel better.
The spark wasp stings you but does no damage.
You feel very mighty all of a sudden. You block the spark wasp's attack. x2
You slash the spark wasp! Your bite misses the spark wasp.
The spark wasp is almost dead.
The spark wasp stings you!
* * * LOW HITPOINT WARNING * * *
The spark wasp shocks you!
* * * LOW HITPOINT WARNING * * *
You closely miss the spark wasp. Your bite misses the spark wasp.
The spark wasp is almost dead.
The spark wasp stings you but does no damage.
The spark wasp stings you!!
You die...

#..##.###<.###.(°## #.
#..##.##)###....○)# ##
#........#.....#..## ∆####
#.###.##.##..###...# ###..#
#.# #.###.#...###.!##
###....# #)#
#.######..#...O.# ###......#
#)#
#[.....#.....{#####.)).....#
#)#
#########.)y###.#(..##.)..##
#.# #.#@#...##...#...## #.#
###......'.###..#### #[#####
##..#..###........ #.....#
#......#...###### #####.#
##...###...##### #.#
#.###.).).#...## #.#
####.)..##.#....# #.#
#.##..####.#..... #.#
#)##.## #.##.###


You could see a spark wasp.

Vanquished Creatures
  Harold (D:9)
  A two-headed ogre (D:8)
  Pikel (D:7)
  An elephant (D:9)
  An ugly thing (D:8)
  2 vault sentinels (D:8)
  Maggie (D:6)
  A gargoyle (D:8)
  2 kobold demonologists (D:9)
  Psyche (D:8)
  An efreet (D:8)
  Grinder (D:3)
  A troll (D:7)
  2 wyverns (D:9)
  A shadow (D:9)
  2 basilisks (D:9)
  19 yaks
  A steam dragon (D:9)
  An acid dragon (D:8)
  3 water moccasins
  3 orc warriors
  A black bear (D:6)
  A sky beast (D:7)
  An ice beast (D:7)
  2 ogres
  A phantom (D:6)
  4 lemures (D:7)
  4 kobold brigands
  2 bullfrogs (D:7)
  A wyvern zombie (D:9)
  A wyvern skeleton (D:6)
  A water moccasin skeleton (D:6)
  5 wights (D:8)
  5 killer bees (D:7)
  A jelly (D:6)
  2 centaur zombies (D:6)
  3 hounds
  4 orc priests
  2 iguanas
  10 orc wizards
  A hound skeleton (D:4)
  2 howler monkey skeletons (D:6)
  A howler monkey zombie (D:9)
  Robin (D:3)
  9 adders
  3 gnolls (D:5)
  2 shadow imps
  2 worms
  A dart slug (D:2)
  18 orcs
  5 ball pythons
  5 bats
  7 endoplasms
  2 giant cockroaches
  15 goblins
  10 hobgoblins
  3 jackals (D:1)
  4 quokkas
  3 frilled lizards
  19 kobolds
  10 rats
221 creatures vanquished.

Vanquished Creatures (others)
  A centaur zombie (D:8)
  A goblin (D:3)
2 creatures vanquished.

Grand Total: 223 creatures vanquished

Notes
Turn   | Place    | Note
-------+----------+-------------------------------------------
     0 | D:1      | Ijustatesigmund the Gnoll Fighter began the quest for the
                  | Orb.
     0 | D:1      | Reached XP level 1. HP: 23/23 MP: 1/1
   178 | D:1      | Found a faded altar of an unknown god.
   222 | D:1      | Reached XP level 2. HP: 29/29 MP: 2/2
   486 | D:1      | Reached XP level 3. HP: 35/35 MP: 3/3
   724 | D:2      | Reached skill level 1 in Invocations
  1002 | D:2      | Reached skill level 1 in Short Blades
  1002 | D:2      | Reached skill level 1 in Long Blades
  1002 | D:2      | Reached skill level 1 in Maces & Flails
  1002 | D:2      | Reached skill level 1 in Polearms
  1002 | D:2      | Reached skill level 1 in Staves
  1002 | D:2      | Reached skill level 1 in Slings
  1002 | D:2      | Reached skill level 1 in Bows
  1002 | D:2      | Reached skill level 1 in Crossbows
  1002 | D:2      | Reached skill level 1 in Throwing
  1002 | D:2      | Reached skill level 1 in Dodging
  1002 | D:2      | Reached skill level 1 in Stealth
  1002 | D:2      | Reached skill level 1 in Unarmed Combat
  1002 | D:2      | Reached skill level 1 in Spellcasting
  1002 | D:2      | Reached skill level 1 in Evocations
  1085 | D:2      | Reached XP level 4. HP: 38/41 MP: 5/5
  1759 | D:3      | Got Kikubaaqudgha's Papyrus of Sinister Rituals
  1783 | D:3      | Noticed Robin
  2077 | D:2      | Reached skill level 1 in Conjurations
  2077 | D:2      | Reached skill level 1 in Hexes
  2077 | D:2      | Reached skill level 1 in Summonings
  2077 | D:2      | Reached skill level 1 in Necromancy
  2077 | D:2      | Reached skill level 1 in Translocations
  2077 | D:2      | Reached skill level 1 in Transmutations
  2077 | D:2      | Reached skill level 1 in Fire Magic
  2077 | D:2      | Reached skill level 1 in Ice Magic
  2077 | D:2      | Reached skill level 1 in Air Magic
  2077 | D:2      | Reached skill level 1 in Earth Magic
  2077 | D:2      | Reached skill level 1 in Poison Magic
  2255 | D:3      | Killed Robin
  2577 | D:3      | Reached XP level 5. HP: 47/47 MP: 6/6
  2822 | D:3      | Noticed Grinder
  2831 | D:3      | Paralysed by Grinder for 3 turns
  2836 | D:3      | Killed Grinder
  2837 | D:3      | Reached skill level 5 in Axes
  2837 | D:3      | Reached XP level 6. HP: 38/53 MP: 3/9
  3160 | D:5      | Entered Level 5 of the Dungeon
  3392 | D:5      | Found a transporter.
  3392 | D:5      | Noticed paps's ghost (weakling OpDe)
  3394 | D:5      | Noticed an ice beast
  3435 | D:5      | Found a sparkling altar of Nemelex Xobeh.
  3508 | D:5      | Reached XP level 7. HP: 52/59 MP: 8/10
  3718 | D:5      | Found a transporter.
  4295 | D:6      | Noticed a yak
  4296 | D:6      | Noticed a yak
  4306 | D:6      | Noticed a yak
  4310 | D:6      | Killed a yak
  4313 | D:6      | Killed a yak
  4314 | D:6      | Reached XP level 8. HP: 18/67 MP: 3/12
  4317 | D:6      | Killed a yak
  5026 | D:6      | Noticed Maggie
  5039 | D:6      | Killed Maggie
  5134 | D:6      | Reached XP level 9. HP: 67/72 MP: 12/14
  5223 | D:6      | Found a staircase to the Ecumenical Temple.
  5251 | Temple   | Entered the Ecumenical Temple
  5338 | Temple   | Became a worshipper of Cheibriados the Contemplative
  6295 | D:7      | Found a hazy altar of Hepliaklqana.
  6336 | D:7      | Noticed a troll
  6354 | D:7      | Killed a troll
  6791 | D:7      | Reached * piety under Cheibriados
  6798 | D:7      | Reached skill level 5 in Invocations
  7049 | D:7      | Found an ancient bone altar of Kikubaaqudgha.
  7050 | D:7      | Noticed Pikel
  7066 | D:7      | Killed Pikel
  7067 | D:7      | Reached XP level 10. HP: 17/80 MP: 4/17
  7249 | D:7      | Reached skill level 5 in Short Blades
  7249 | D:7      | Reached skill level 5 in Long Blades
  7249 | D:7      | Reached skill level 5 in Maces & Flails
  7249 | D:7      | Reached skill level 5 in Polearms
  7249 | D:7      | Reached skill level 5 in Staves
  7249 | D:7      | Reached skill level 5 in Slings
  7249 | D:7      | Reached skill level 5 in Bows
  7249 | D:7      | Reached skill level 5 in Crossbows
  7249 | D:7      | Reached skill level 5 in Throwing
  7249 | D:7      | Reached skill level 5 in Dodging
  7249 | D:7      | Reached skill level 5 in Stealth
  7249 | D:7      | Reached skill level 5 in Unarmed Combat
  7249 | D:7      | Reached skill level 5 in Spellcasting
  7249 | D:7      | Reached skill level 5 in Evocations
  7595 | D:8      | Noticed Harold
  7647 | D:9      | Noticed an elephant
  7654 | D:9      | Killed Harold
  7659 | D:9      | Found a stormy altar of Qazlal.
  7659 | D:9      | Found a shadowy altar of Dithmenos.
  7659 | D:9      | Found an ornate altar of the Wu Jian Council.
  7767 | D:9      | Reached ** piety under Cheibriados
  7770 | D:9      | Killed an elephant
  7771 | D:9      | Reached XP level 11. HP: 77/87 MP: 7/19
  7865 | D:9      | Found a staircase to the Lair.
  7928 | D:9      | Found a shimmering blue altar of Sif Muna.
  8028 | D:9      | Reached skill level 5 in Conjurations
  8028 | D:9      | Reached skill level 5 in Hexes
  8028 | D:9      | Reached skill level 5 in Summonings
  8028 | D:9      | Reached skill level 5 in Necromancy
  8028 | D:9      | Reached skill level 5 in Translocations
  8028 | D:9      | Reached skill level 5 in Transmutations
  8028 | D:9      | Reached skill level 5 in Fire Magic
  8028 | D:9      | Reached skill level 5 in Ice Magic
  8028 | D:9      | Reached skill level 5 in Air Magic
  8028 | D:9      | Reached skill level 5 in Earth Magic
  8028 | D:9      | Reached skill level 5 in Poison Magic
  8697 | D:9      | Found a staircase to the Orcish Mines.
  8797 | D:9      | Found a glowing silver altar of Zin.
  8937 | D:9      | Found an iron altar of Okawaru.
  8944 | D:9      | Found a burning altar of Makhleb.
  8947 | D:9      | Found a hide-covered altar of Uskayaw.
  9275 | D:8      | Reached *** piety under Cheibriados
  9411 | D:8      | Found the +18 shield of the Gong {rElec rN+ Will+ EV-5}
  9919 | D:8      | Noticed a purple ugly thing
  9926 | D:8      | Noticed Psyche
  9932 | D:8      | Killed a purple ugly thing
  9937 | D:8      | Killed Psyche
 10032 | D:8      | Noticed a two-headed ogre
 10679 | D:8      | Killed a two-headed ogre
 10738 | D:8      | Noticed a boulder beetle
 10741 | D:8      | Noticed a spark wasp
 10741 | D:8      | a boulder beetle changed into a spark wasp
 10753 | D:8      | Demolished by a spark wasp

Illustrated notes

Levels and vault maps discovered:
D:1:      ncdulo_smallfort, layout_rooms, ebering_ecumenical_altar_webs,
          supply_closet_lemuel, chequers_serial_rivers_marsh
D:2:      layout_basic
D:3:      minmay_razor_zed, layout_rooms, minivault_4, minmay_surrounded,
          uniq_robin, uniq_grinder
D:4:      layout_rooms, nicolae_overflow_hidden_temple
D:5:      layout_basic, mainiacjoe_overflow_24_doors, gammafunk_ghost_arena
D:6:      layout_layer_cave, temple_pool_b, uniq_maggie
D:7:      layout_loops_ring, mainiacjoe_overflow_boulevard,
          mainiacjoe_overflow_paths, uniq_pikel
D:8:      minmay_slanted_spiral_squares, layout_loops_ring,
          hellmonk_guarded_unrand_gong, uniq_harold, uniq_psyche
D:9:      layout_irregular_city, kennysheep_orc_sif_temple, zin_statuary,
          grunt_temple_overflow_open, grunt_temple_overflow_diamond,
          david_lair_generic, minmay_orc_entry_temple_small
Temple:   kb_corrupted_temple

Skill      XL: |  1  2  3  4  5  6  7  8  9 10 11 |
---------------+----------------------------------+-----
Invocations    | 1 2 3 4 5 6 7 |  7.3
Short Blades   | 1 2 3 4 5 6 |  6.6
Long Blades    | 1 2 3 4 5 6 |  6.6
Maces & Flails | 1 2 3 4 5 6 |  6.6
Polearms       | 1 2 3 4 5 6 |  6.6
Staves         | 1 2 3 4 5 6 |  6.6
Slings         | 1 2 3 4 5 6 |  6.6
Bows           | 1 2 3 4 5 6 |  6.6
Crossbows      | 1 2 3 4 5 6 |  6.6
Throwing       | 1 2 3 4 5 6 |  6.6
Dodging        | 1 2 3 4 5 6 |  6.6
Stealth        | 1 2 3 4 5 6 |  6.6
Unarmed Combat | 1 2 3 4 5 6 |  6.6
Spellcasting   | 1 2 3 4 5 6 |  6.6
Evocations     | 1 2 3 4 5 6 |  6.6
Conjurations   | 1 2 3 4 5 |  5.5
Hexes          | 1 2 3 4 5 |  5.5
Summonings     | 1 2 3 4 5 |  5.5
Necromancy     | 1 2 3 4 5 |  5.5
Translocations | 1 2 3 4 5 |  5.5
Transmutations | 1 2 3 4 5 |  5.5
Fire Magic     | 1 2 3 4 5 |  5.5
Ice Magic      | 1 2 3 4 5 |  5.5
Air Magic      | 1 2 3 4 5 |  5.5
Earth Magic    | 1 2 3 4 5 |  5.5
Poison Magic   | 1 2 3 4 5 |  5.5
Axes           | 5 6 7 8 |  8.1
Fighting       | 7 8 9 |  9.4
Armour         | 7 8 9 |  9.4
Shields        | 7 8 9 |  9.4

Action                   |  1- 3 |  4- 6 |  7- 9 | 10-12 || total
-------------------------+-------+-------+-------+-------++-------
Melee: War axe           |    78 |   125 |   191 |   255 ||   649
       Bite              |    10 |    13 |    37 |    38 ||    98
Throw: Dart              |       |       |    23 |    22 ||    45
Invok: Bend Time         |       |       |       |     1 ||     1
Evoke: Wand              |       |       |     8 |     7 ||    15
  Use: Scroll            |       |     9 |     4 |    11 ||    24
       Potion            |       |     1 |     1 |     9 ||    11
 Stab: Sleeping          |       |       |     1 |     4 ||     5
       Invisible         |       |       |       |     2 ||     2
Armor: Scale mail        |    30 |     5 |    40 |       ||    75
       Chain mail        |     3 |    47 |       |       ||    50
       Troll leather arm |       |       |    15 |    39 ||    54
       Skin              |       |       |       |    99 ||    99
Dodge: Dodged            |    38 |    43 |   118 |   141 ||   340
Block: Buckler           |    23 |    36 |    62 |   102 ||   223

Table legend: (Time is in decaauts)
 A = Elapsed time spent in this place.
 B = Non-inter-level travel time spent in this place.
 C = Inter-level travel time spent in this place.
 D = Time resting spent in this place.
 E = Time spent auto-exploring this place.
 F = Levels seen in this place.
 G = Mean time per level.
                   A        B        C        D        E       F      G
               +--------+--------+--------+--------+--------+-----+--------+
         Total |  12276 |  11863 |    413 |   2963 |   6669 |  10 | 1227.6 |
       Dungeon |  12145 |  11757 |    388 |   2963 |   6580 |   9 | 1349.4 |
        Temple |    131 |    106 |     25 |      0 |     89 |   1 |  131.0 |
               +--------+--------+--------+--------+--------+-----+--------+

Top non-repeatable levels by time:
     D:6: 2357 daAuts
     D:8: 2232 daAuts
     D:9: 2058 daAuts
     D:2: 1660 daAuts
     D:7: 1444 daAuts
     D:3: 990 daAuts
     D:5: 833 daAuts
     D:1: 545 daAuts
  Temple: 131 daAuts
     D:4: 22 daAuts
